 Dungeon Crawl Stone Soup version 0.31-a0-1009-g454b1f1e0a (webtiles) character file.

Game seed: 3213938327772846099

806 Queen the Conjurer (level 7, 0/36 HPs)
             Began as a Deep Elf Conjurer on Nov 16, 2023.
             Killed from afar by Ijyb (18 damage)
             ... with a bolt of light
             ... on level 4 of the Dungeon.
             The game lasted 00:16:51 (5057 turns).

Queen the Conjurer (Deep Elf Conjurer)              Turns: 5057, Time: 00:16:52

Health: 0/36       AC:  9    Str:  7    XL:     7   Next: 60%
Magic:  27/27      EV: 14    Int: 25    God:
Gold:   196        SH:  0    Dex: 16    Spells: 2/18 levels left

rFire   . . .        a - +5 dagger "Xynn" {freeze, Str+3 Dex+3}
rCold   . . .        (no shield)
rNeg    . . .        h - +0 robe
rPois   .            m - +2 hat
rElec   .            (no cloak)
rCorr   .            g - +0 pair of gloves
SInv    .            (no boots)
Will    .....        (no amulet)
Stlth   +++          w - +4 ring of protection
HPRegen 0.26/turn    r - ring of magical power
MPRegen 0.20/turn

%: no passive effects
@: about to teleport
A: no striking features
a: no special abilities


You were on level 4 of the Dungeon.
You visited 1 branch of the dungeon, and saw 4 of its levels.
You also visited: Sewer.

You collected 196 gold pieces.

Inventory:

Hand Weapons
 a - the +5 dagger "Xynn" (weapon) {freeze, Str+3 Dex+3}
   (You found it on level 4 of the Dungeon)

   Str+3:     It affects your strength (+3).
   Dex+3:     It affects your dexterity (+3).
Missiles
 x - a throwing net
Armour
 g - a +0 pair of gloves (worn)
 h - a +0 robe (worn)
 m - a +2 hat (worn)
Jewellery
 d - a ring of protection from cold
 r - a ring of magical power (right hand)
 w - a +4 ring of protection (left hand)
Scrolls
 i - 2 scrolls of teleportation
 l - a scroll of fog {unknown}
 n - a scroll of noise {unknown}
 o - 2 scrolls of enchant weapon {unknown}
 s - a scroll of revelation {unknown}
 u - a scroll of fear {unknown}
 v - a scroll of blinking {unknown}
 y - a scroll of silence {unknown}
Potions
 b - a potion of magic
 c - a potion of ambrosia
 e - 5 potions of curing
 f - 3 potions of heal wounds
 j - 3 potions of attraction
 k - 3 potions of haste
 p - 2 potions of invisibility {unknown}
 q - 2 potions of brilliance {unknown}
 t - a potion of cancellation {unknown}


   Skills:
 + Level 0.2 Short Blades
 * Level 5.5 Dodging
 * Level 6.1 Stealth
 * Level 6.2 Spellcasting
 * Level 6.4 Conjurations


You had 2 spell levels left.
You knew the following spells:

 Your Spells              Type           Power      Damage    Failure   Level
a - Magic Dart            Conj           100%       1d8       1%          1
b - Searing Ray           Conj           80%        2d7       1%          2
c - Blink                 Tloc           14%        N/A       11%         2
d - Dazzling Flash        Conj/Hex       48%        N/A       6%          3
e - Iskenderun's Mystic   Conj/Tloc      24%        2d7       19%         4
f - Fulminant Prism       Conj/Hex       12%        3d8       19%         4

Your spell library contained the following spells:

 Spells                   Type           Power      Damage    Failure   Level
 Momentum Strike          Conj/Tloc      48%        3d9       3%          2
 Lesser Beckoning         Tloc           14%        N/A       11%         2
 Sublimation of Blood     Necr           7%         N/A       11%         2
 Irradiate                Conj/Tmut      12%        3d15      47%         5
 Petrify                  Tmut/Erth      7%         N/A       58%         4


Dungeon Overview and Level Annotations

Branches:
Dungeon (4/15)              Sewer (visited)
 Temple: D:4-7

Altars:
Fedhas
Qazlal
Yredelemnul

Annotations:
D:4 Ijyb


Message History

You see here a +0 club.
You see here a +0 club.
There is a stone staircase leading down here.
There is a blossoming altar of Fedhas here.
The necrophage hits the plant.
The plant begins to die.
The scorpion zombie hits the plant.
The plant begins to die.
Something hits the bush but does no damage.
You see here a +0 club.
You see here a +0 club.
MP restored: 27 You open the door.
There is an open door here.
You open the door.
There is an open door here.
Ijyb the Twisted Goblin comes into view.
She is wielding a +6 dagger of speed, wearing a +3 leather armour of poison resistance and carrying a wand of light.
Ijyb shouts!
Casting: Magic Dart (safe; 1% risk of failure)
Confirm with . or Enter, or press ? or * to list all spells.
Okay, then.
Aiming: Magic Dart (safe; 1% risk of failure)
Press: ? - help, Q - select action, (/) - cycle Shift-Dir - straight line, f - Ijyb
Aim: Ijyb, wielding a +6 dagger of speed, wearing a +3 leather armour of poison resistance and carrying a wand of light (100% to hit)
The magic dart hits Ijyb but does no damage.
You now have 26/27 mp.
You aren't carrying any items that you can evoke.
Ijyb zaps a wand.
The bolt of light hits you!
You take 12 damage, and have 24/36 hp.
MASSIVE DAMAGE!!
MP restored: 27 You're wearing all the rings you can.
Remove which one? (? for menu, Esc to cancel) < or
d - a ring of protection from cold; > or
r - a ring of magical power You remove your ring of protection from cold.
Ijyb zaps a wand.
The bolt of light hits you!
w - a +4 ring of protection (left hand)
You take 7 damage, and have 18/36 hp.
As you read the scroll labelled WAHIED BAVVE, it crumbles to dust.
You feel strangely unstable.
It was a scroll of teleportation.
Ijyb zaps a wand.
The bolt of light hits you!!
Ouch! That really hurt!
You die...

#.# #.
##.########
#.
#.........#
#.
#########.#
#. #.# #.
#.# #. #.#
#. #.# #.
#@# #. #.#
## #.# #
#.# #
#.######. #
#.g...g.. #
######### #
# #


You could see Ijyb.

Vanquished Creatures
  A sky beast (D:3)
  4 kobold brigands (Sewer)
  A hound (D:4)
  Jessica (D:2)
  An iguana (D:4)
  11 gnolls
  9 adders
  4 river rats (Sewer)
  2 shadow imps
  4 dart slugs
  11 orcs
  3 endoplasms
  6 giant cockroaches
  7 goblins
  11 hobgoblins
  13 jackals
  8 kobolds
  3 quokkas
  4 ball pythons
  4 bats
  5 frilled lizards
  11 rats
124 creatures vanquished.

Notes
Turn   | Place    | Note
-------+----------+-------------------------------------------
     0 | D:1      | Queen the Deep Elf Conjurer began the quest for the Orb.
     0 | D:1      | Reached XP level 1. HP: 10/10 MP: 6/6
   279 | D:1      | Reached XP level 2. HP: 15/15 MP: 5/8
   335 | D:1      | Learned a level 2 spell: Searing Ray
   588 | D:1      | Learned a level 2 spell: Blink
   937 | D:2      | Reached XP level 3. HP: 19/19 MP: 2/10
  1126 | D:2      | Learned a level 3 spell: Dazzling Flash
  1275 | D:2      | Identified the +11 sling of the Extremes {freeze, rF+
                  | Int+4}
  1510 | D:2      | Reached XP level 4. HP: 24/24 MP: 4/11
  1710 | D:2      | Reached skill level 5 in Conjurations
  1845 | D:2      | Noticed Jessica
  1847 | D:2      | Killed Jessica
  2099 | D:3      | Found a glowing drain.
  2112 | D:3      | Reached XP level 5. HP: 28/28 MP: 13/13
  2121 | Sewer    | Entered a sewer
  2148 | Sewer    | Learned a level 4 spell: Iskenderun's Mystic Blast
  2434 | Sewer    | Reached skill level 5 in Spellcasting
  2434 | Sewer    | Reached XP level 6. HP: 17/32 MP: 11/15
  2607 | Sewer    | Reached skill level 5 in Stealth
  3062 | Sewer    | Learned a level 4 spell: Fulminant Prism
  3169 | D:3      | Reached skill level 5 in Dodging
  3241 | D:3      | Reached XP level 7. HP: 36/36 MP: 17/17
  3281 | D:3      | Found a basalt altar of Yredelemnul.
  3516 | D:3      | Found a stormy altar of Qazlal.
  4050 | D:4      | Identified the +5 dagger "Xynn" {freeze, Str+3 Dex+3}
  4541 | D:4      | Found a blossoming altar of Fedhas.
  5048 | D:4      | Noticed Ijyb
  5057 | D:4      | Killed from afar by Ijyb

Illustrated notes

Levels and vault maps discovered:
D:1:      dpeg_arrival_pits, layout_loops_cross, minmay_tripent
D:2:      layout_loops_ring, minmay_misc_feat_hallway, uniq_jessica
D:3:      layout_basic, mainiacjoe_overflow_boulevard,
          nicolae_qazlal_beasts_of_the_sky, gup_sewer_entry_glass
D:4:      layout_basic, fedhas_altar_decomposition, uniq_ijyb

Skill      XL: |  1  2  3  4  5  6  7 |
---------------+----------------------+-----
Dodging        | 3 4 5 |  5.5
Stealth        | 3 4 5 6 |  6.1
Spellcasting   | 4 5 6 |  6.2
Conjurations   | 5 6 |  6.4
Short Blades   | |  0.2

Action                     |  1- 3 |  4- 6 |  7- 9 || total
---------------------------+-------+-------+-------++-------
  Melee: Dagger            |     1 |       |       ||     1
         Short sword       |       |     1 |       ||     1
         Punch             |       |     1 |       ||     1
   Cast: Magic Dart        |    79 |    94 |    85 ||   258
         Searing Ray       |     1 |    12 |     7 ||    20
    Use: Scroll            |     3 |     1 |     2 ||     6
   Stab: Sleeping          |     1 |       |       ||     1
 Armour: Robe              |       |     9 |     5 ||    14
  Dodge: Dodged            |     8 |    20 |    13 ||    41

Table legend: (Time is in decaauts)
 A = Elapsed time spent in this place.
 B = Non-inter-level travel time spent in this place.
 C = Inter-level travel time spent in this place.
 D = Time resting spent in this place.
 E = Time spent auto-exploring this place.
 F = Levels seen in this place.
 G = Mean time per level.
                   A        B        C        D        E       F      G
               +--------+--------+--------+--------+--------+-----+--------+
         Total |   5193 |   5115 |     78 |   1346 |   2960 |   5 | 1038.6 |
       Dungeon |   4071 |   3993 |     78 |    991 |   2442 |   4 | 1017.8 |
         Sewer |   1121 |   1121 |      0 |    355 |    518 |   1 | 1121.0 |
               +--------+--------+--------+--------+--------+-----+--------+

Top non-repeatable levels by time:
     D:2: 1241 daAuts
   Sewer: 1121 daAuts
     D:4: 1046 daAuts
     D:3: 929 daAuts
     D:1: 854 daAuts
